[Event "48th Ciutat de Badalona Open 2024"]
[Site "Badalona"]
[Date "2024.08.07"]
[Round "6.3"]
[White "Utsab Chatterjee"]
[Black "Cruz, Filemon"]
[Result "1/2-1/2"]
[ECO "C04"]
[WhiteElo "2289"]
[BlackElo "2249"]
[Annotator "RC"]
[PlyCount "117"]
[EventDate "2024.07.29"]
[EventType "swiss"]
[EventCountry "ESP"]
[SourceTitle "playchess.com"]
[Source "ChessBase"]
[SourceQuality "1"]
[TimeControl "5400+30"]

1. e4 e6 2. d4 d5 3. Nd2 Nc6 4. Ngf3 Nf6 5. e5 Nd7 6. Nb3 f6 7. Bb5 Be7 8. exf6 Bxf6 9. Qe2 Kf7 10. h4 Re8 11. Ng5+ Kg8 12. f4 Nf8 13. c3 a6 14. Bd3 a5 15. Be3 a4 16. Nd2 Na5 17. Ndf3 Nc4 18. Bf2 a3 19. b4 Nb2 20. Bc2 c5 21. bxc5 b6 22. Ne5 Bxe5 23. dxe5 Ba6 24. Qh5 Bd3 25. Qf7+ Kh8 26. Kd2 Bxc2 27. Kxc2 Re7 28. Qh5 Qd7 29. g3 h6 30. cxb6 Qa4+ 31. Kd2 Qc4 32. Rhc1 Qd3+ 33. Ke1 Kg8 34. Nh3 Ra4 35. c4 dxc4 36. Qe2 Qd5 37. Kf1 Rb7 38. Ng1 Nd7 39. Rd1 Nd3 40. Rab1 Ra6 41. Qf3 Nxb6 42. Qxd5 exd5 43. Rb5 Nxf2 44. Kxf2 Rc7 45. Ne2 Kf7 46. Rdb1 c3 47. Rc1 Na4 48. Ke3 c2 49. Rb3 Nb2 50. Nd4 Ra4 51. Rxc2 Rcc4 52. Rxc4 Nxc4+ 53. Ke2 Nxe5 54. Nf5 Nc6 55. Rb7+ Kf6 56. Ne3 Ke6 57. Nc2 Kd6 58. Kd3 g5 59. h5 1/2-1/2

[Event "48th Ciutat de Badalona Open 2024"]
[Site "Badalona"]
[Date "2024.08.07"]
[Round "6.4"]
[White "Blasco Coll, Andreu"]
[Black "Nieto Farreny, Francesc"]
[Result "1-0"]
[ECO "B22"]
[WhiteElo "2260"]
[BlackElo "2182"]
[Annotator "RC"]
[PlyCount "109"]
[EventDate "2024.07.29"]
[EventType "swiss"]
[EventCountry "ESP"]
[SourceTitle "playchess.com"]
[Source "ChessBase"]
[SourceQuality "1"]
[TimeControl "5400+30"]

1. e4 c5 2. c3 d5 3. exd5 Qxd5 4. d4 g6 5. Nf3 Nc6 6. Be3 Bg7 7. dxc5 Qxd1+ 8. Kxd1 Nf6 9. Nbd2 O-O 10. Bc4 Na5 11. Be2 Ng4 12. h3 Nxe3+ 13. fxe3 Bd7 14. Kc2 Rfc8 15. b4 Nc6 16. Nd4 b6 17. N2b3 e5 18. Nb5 Bf8 19. cxb6 axb6 20. Kb2 Bf5 21. Bg4 Bxg4 22. hxg4 e4 23. Nd2 Ne5 24. g5 Nc4+ 25. Nxc4 Rxc4 26. Kb3 Rc6 27. Rh4 Re8 28. Rd1 Re5 29. c4 Be7 30. Rd5 Rce6 31. Rg4 Rxd5 32. cxd5 Re5 33. Nc3 Bxg5 34. Rxe4 Rxe4 35. Nxe4 Bxe3 36. d6 Kf8 37. Kc4 f5 38. Nf6 Bd2 39. Kd5 Bxb4 40. Ke6 b5 41. d7 Ba5 42. Nxh7+ Kg7 43. Ng5 Kh6 44. Nf7+ Kh5 45. d8=Q Bxd8 46. Nxd8 Kg4 47. Kf6 f4 48. Ne6 b4 49. Kxg6 f3 50. gxf3+ Kxf3 51. Nd4+ Ke4 52. Nc2 Kd3 53. Nxb4+ Kc3 54. a3 Kb3 55. Nc2 1-0

[Event "48th Ciutat de Badalona Open 2024"]
[Site "Badalona"]
[Date "2024.08.07"]
[Round "6.5"]
[White "Barath Kalyan M"]
[Black "Iglesias Romero, Jorge"]
[Result "1-0"]
[ECO "A01"]
[WhiteElo "2174"]
[BlackElo "2271"]
[Annotator "RC"]
[PlyCount "47"]
[EventDate "2024.07.29"]
[EventType "swiss"]
[EventCountry "ESP"]
[SourceTitle "playchess.com"]
[Source "ChessBase"]
[SourceQuality "1"]
[TimeControl "5400+30"]

1. b3 d5 2. Bb2 Bg4 3. f3 Bh5 4. d4 Nd7 5. Nc3 c6 6. Qd2 f6 7. O-O-O Qa5 8. Kb1 O-O-O 9. e3 e5 10. Nge2 Bb4 11. h4 Ne7 12. a3 Bd6 13. Ng3 Bf7 14. Nxd5 Qxd2 15. Nxe7+ Bxe7 16. Rxd2 exd4 17. exd4 Bd6 18. Ne4 Bf4 19. Rd1 Rhe8 20. Bd3 Bg8 21. h5 a5 22. a4 Nf8 23. h6 Rxe4 24. hxg7 1-0

[Event "48th Ciutat de Badalona Open 2024"]
[Site "Badalona"]
[Date "2024.08.07"]
[Round "6.6"]
[White "Pimpalkhare Vedant"]
[Black "Kshatriya Nitin Vekhande"]
[Result "1-0"]
[ECO "E05"]
[WhiteElo "2191"]
[BlackElo "2173"]
[Annotator "RC"]
[PlyCount "51"]
[EventDate "2024.07.29"]
[EventType "swiss"]
[EventCountry "ESP"]
[SourceTitle "playchess.com"]
[Source "ChessBase"]
[SourceQuality "1"]
[TimeControl "5400+30"]

1. Nf3 Nf6 2. c4 e6 3. g3 d5 4. Bg2 Be7 5. O-O O-O 6. d4 dxc4 7. Na3 c5 8. Nxc4 Nc6 9. dxc5 Bxc5 10. a3 a5 11. Bf4 Nd5 12. Rc1 Qe7 13. Qc2 f6 14. Bd2 Rd8 15. Nxa5 Bxf2+ 16. Rxf2 Nxa5 17. Bxa5 Rxa5 18. Qxc8 b6 19. e4 Ne3 20. Qc7 Rd1+ 21. Bf1 Qxc7 22. Rxc7 Ra4 23. Rc3 Ng4 24. Rd2 Rb1 25. h3 Nh6 26. Rc7 1-0

[Event "48th Ciutat de Badalona Open 2024"]
[Site "Badalona"]
[Date "2024.08.07"]
[Round "6.7"]
[White "Perpinya Rofes, Lluis Maria"]
[Black "Vidarte Morales, Arturo"]
[Result "0-1"]
[ECO "B50"]
[WhiteElo "2189"]
[BlackElo "2166"]
[Annotator "RC"]
[PlyCount "118"]
[EventDate "2024.07.29"]
[EventType "swiss"]
[EventCountry "ESP"]
[SourceTitle "playchess.com"]
[Source "ChessBase"]
[SourceQuality "1"]
[TimeControl "5400+30"]

1. e4 c5 2. Nf3 d6 3. c3 Nf6 4. Bd3 Nc6 5. O-O g6 6. Bc2 Bg4 7. d3 Bg7 8. Nbd2 d5 9. h3 Bxf3 10. Nxf3 O-O 11. Qe2 e6 12. e5 Nd7 13. Bf4 b5 14. Qe3 a5 15. Rfe1 d4 16. cxd4 cxd4 17. Nxd4 Nxd4 18. Qxd4 Nb6 19. Qe4 Rc8 20. d4 Qd5 21. Bd3 Rfd8 22. Qxd5 Nxd5 23. Bg5 f6 24. exf6 Bxf6 25. Bxf6 Nxf6 26. Rxe6 Kf7 27. Rae1 Rc7 28. Bxb5 Rxd4 29. b3 Rd2 30. Bc4 Kg7 31. Re7+ Rxe7 32. Rxe7+ Kh8 33. Re2 Rd4 34. f3 a4 35. Kf2 axb3 36. Bxb3 Kg7 37. Re7+ Kh8 38. Rf7 Rd6 39. g4 g5 40. Ke3 h5 41. gxh5 Nxh5 42. Rf5 Rh6 43. Rxg5 Ng7 44. Rc5 Kh7 45. a4 Rxh3 46. a5 Rh1 47. a6 Ra1 48. Bc2+ Kg8 49. Rc8+ Kf7 50. Rc7+ Kf6 51. a7 Ra3+ 52. Kd2 Ne6 53. Rb7 Nc5 54. Rh7 Ke5 55. Kc1 Kd4 56. Kb2 Ra5 57. f4 Kd5 58. f5 Kd6 59. Kc3 Nd7 0-1

[Event "48th Ciutat de Badalona Open 2024"]
[Site "Badalona"]
[Date "2024.08.07"]
[Round "6.8"]
[White "Deepak Ambattu, Rithvik"]
[Black "Vivaan Vishal Shah"]
[Result "0-1"]
[ECO "B32"]
[WhiteElo "2079"]
[BlackElo "2186"]
[Annotator "RC"]
[PlyCount "62"]
[EventDate "2024.07.29"]
[EventType "swiss"]
[EventCountry "ESP"]
[SourceTitle "playchess.com"]
[Source "ChessBase"]
[SourceQuality "1"]
[TimeControl "5400+30"]

1. e4 c5 2. Nf3 Nc6 3. d4 cxd4 4. Nxd4 e5 5. Nb5 d6 6. N1c3 a6 7. Na3 Be7 8. Nd5 Nf6 9. Nxf6+ Bxf6 10. Bc4 O-O 11. O-O Ne7 12. c3 b5 13. Bb3 Bb7 14. Qe2 Qc7 15. Nc2 d5 16. exd5 Nxd5 17. Qg4 Rad8 18. Bg5 Bxg5 19. Bxd5 Rxd5 20. Qxg5 f6 21. Qe3 Rfd8 22. Rac1 Rd3 23. Qe2 Rd2 24. Qg4 Qf7 25. Ne3 h5 26. Qb4 f5 27. c4 R2d4 28. Qa5 f4 29. cxb5 fxe3 30. fxe3 Qg6 31. g3 Qe4 0-1

[Event "48th Ciutat de Badalona Open 2024"]
[Site "Badalona"]
[Date "2024.08.07"]
[Round "6.9"]
[White "Infiesta Aguila, Agusti"]
[Black "Lozano Ruiz, David"]
[Result "1-0"]
[ECO "A26"]
[WhiteElo "1836"]
[BlackElo "1894"]
[Annotator "NA RC"]
[PlyCount "47"]
[EventDate "2024.07.29"]
[EventType "swiss"]
[EventCountry "ESP"]
[SourceTitle "playchess.com"]
[Source "ChessBase"]
[SourceQuality "1"]
[TimeControl "5400+30"]

1. c4 e5 2. g3 g6 3. Bg2 Bg7 4. Nc3 Nf6 5. d3 O-O 6. Nf3 d6 7. O-O Nc6 8. Rb1 a5 9. a3 Bd7 10. b4 axb4 11. axb4 Qc8 12. Bg5 Bh3 13. Bxf6 Bxg2 14. Bxg7 Bxf1 15. Bxf8 Bh3 16. Bh6 f6 17. Nd5 Kf7 18. b5 Nd8 19. Bd2 c6 20. Nb6 Qb8 21. Nxa8 Qxa8 22. Qb3 Qc8 23. bxc6 bxc6 24. Qb8 1-0

[Event "48th Ciutat de Badalona Open 2024"]
[Site "Badalona"]
[Date "2024.08.07"]
[Round "6.10"]
[White "Alasfour, Zaid"]
[Black "Ramos Alvarez, Maximo"]
[Result "1-0"]
[ECO "C58"]
[WhiteElo "1587"]
[BlackElo "1877"]
[Annotator "NA RC"]
[PlyCount "55"]
[EventDate "2024.07.29"]
[EventType "swiss"]
[EventCountry "ESP"]
[SourceTitle "playchess.com"]
[Source "ChessBase"]
[SourceQuality "1"]
[TimeControl "5400+30"]

1. e4 e5 2. Nf3 Nc6 3. Bc4 Nf6 4. Ng5 d5 5. exd5 Na5 6. Bb5+ c6 7. dxc6 bxc6 8. Bd3 Ng4 9. Ne4 f5 10. Be2 h5 11. h3 Nf6 12. Nxf6+ Qxf6 13. Bxh5+ g6 14. Be2 Bc5 15. d3 Be6 16. Qd2 Nb7 17. Qg5 Qf7 18. Nc3 Be7 19. Qg3 Bd6 20. Qh2 Qf6 21. Bd2 g5 22. O-O-O a5 23. g4 fxg4 24. Ne4 Qd8 25. Bxg5 Qb6 26. Nxd6+ Nxd6 27. Qxe5 Kd7 28. Bxg4 1-0

[Event "48th Ciutat de Badalona Open 2024"]
[Site "Badalona"]
[Date "2024.08.08"]
[Round "7.1"]
[White "Cruz, Filemon"]
[Black "Berdayes Ason, Dylan Isidro"]
[Result "1/2-1/2"]
[ECO "B14"]
[WhiteElo "2249"]
[BlackElo "2476"]
[Annotator "TA"]
[PlyCount "57"]
[EventDate "2024.07.29"]
[EventType "swiss"]
[EventCountry "ESP"]
[SourceTitle "playchess.com"]
[Source "ChessBase"]
[SourceQuality "1"]
[TimeControl "5400+30"]

1. Nf3 d5 2. d4 Nf6 3. e3 c5 4. c4 cxd4 5. exd4 g6 6. Nc3 Bg7 7. Qb3 dxc4 8. Bxc4 O-O 9. Ne5 e6 10. Be3 Nc6 11. Nxc6 bxc6 12. Be2 {[%emt 0:04:12] Repels Ng4} Nd5 13. Nxd5 cxd5 14. O-O a5 15. Rfc1 Ba6 16. Bxa6 Rxa6 17. Rc5 a4 18. Qb5 Qb6 19. Rac1 h5 20. g3 Bf6 21. Qd3 Ra7 22. R1c2 Rb7 23. h4 Bg7 24. Kg2 Ra8 25. Qd1 Qa6 26. Qd2 Bf8 27. Rc6 Rb6 28. Rc7 Rb7 (28... Bd6 $5 29. R7c5 e5 $11 (29... Bxc5 30. dxc5 Rc6 31. Bd4 $14)) 29. R7c6 {[%emt 0:00:15] An uneventful encounter.   Weighted Error Value: White=0.04 (flawless) /Black=0.05 (flawless) .  Inaccurate:     	White=1     	Black=1      OK:         	White=8     	Black=8} 1/2-1/2

[Event "48th Ciutat de Badalona Open 2024"]
[Site "Badalona"]
[Date "2024.08.08"]
[Round "7.2"]
[White "Vitier Vazquez, Cristian"]
[Black "Nagare Kaivalya Sandip"]
[Result "1-0"]
[ECO "E63"]
[WhiteElo "2357"]
[BlackElo "2273"]
[Annotator "RC"]
[PlyCount "75"]
[EventDate "2024.07.29"]
[EventType "swiss"]
[EventCountry "ESP"]
[SourceTitle "playchess.com"]
[Source "ChessBase"]
[SourceQuality "1"]
[TimeControl "5400+30"]

1. Nf3 Nf6 2. c4 g6 3. d4 Bg7 4. g3 O-O 5. Bg2 d6 6. Nc3 Nc6 7. d5 Na5 8. b3 c5 9. Bb2 a6 10. O-O Rb8 11. Nd2 b5 12. Qc1 e5 13. dxe6 Bxe6 14. cxb5 axb5 15. Nce4 Ne8 16. Bxg7 Nxg7 17. Nf3 Bd5 18. Nfg5 f5 19. Nf6+ Qxf6 20. Bxd5+ Kh8 21. Rd1 Rbc8 22. Nh3 Ne8 23. Qh6 Qg7 24. Qd2 Nc6 25. Nf4 Nd8 26. a4 bxa4 27. bxa4 Nf6 28. h4 h6 29. Kg2 c4 30. Rac1 c3 31. Rxc3 Ne4 32. Bxe4 Qxc3 33. Nxg6+ Kg7 34. Qxc3+ Rxc3 35. Nxf8 fxe4 36. Rxd6 Nf7 37. Ne6+ Kg8 38. Rd4 1-0

[Event "48th Ciutat de Badalona Open 2024"]
[Site "Badalona"]
[Date "2024.08.08"]
[Round "7.3"]
[White "Chavez Suarez, Carlos Alberto"]
[Black "Barath Kalyan M"]
[Result "1-0"]
[ECO "C41"]
[WhiteElo "2279"]
[BlackElo "2174"]
[Annotator "RC"]
[PlyCount "51"]
[EventDate "2024.07.29"]
[EventType "swiss"]
[EventCountry "ESP"]
[SourceTitle "playchess.com"]
[Source "ChessBase"]
[SourceQuality "1"]
[TimeControl "5400+30"]

1. e4 d6 2. d4 Nf6 3. Nc3 e5 4. Nf3 Nbd7 5. Bc4 Be7 6. O-O O-O 7. a4 c6 8. Ba2 h6 9. dxe5 dxe5 10. Qe2 Qc7 11. Nh4 Nc5 12. Ng6 Re8 13. f4 Bg4 14. Qe1 exf4 15. Bxf4 Qb6 16. Be3 Bd6 17. Rxf6 gxf6 18. Qh4 Be6 19. Qxh6 fxg6 20. Qxg6+ Kh8 21. Qxf6+ Kh7 22. Qh6+ Kg8 23. Qg6+ Kf8 24. Qf6+ Kg8 25. Bd4 Bxh2+ 26. Kh1 1-0

[Event "48th Ciutat de Badalona Open 2024"]
[Site "Badalona"]
[Date "2024.08.08"]
[Round "7.4"]
[White "Vidarte Morales, Arturo"]
[Black "Blasco Coll, Andreu"]
[Result "1/2-1/2"]
[ECO "E92"]
[WhiteElo "2166"]
[BlackElo "2260"]
[Annotator "RC"]
[PlyCount "85"]
[EventDate "2024.07.29"]
[EventType "swiss"]
[EventCountry "ESP"]
[SourceTitle "playchess.com"]
[Source "ChessBase"]
[SourceQuality "1"]
[TimeControl "5400+30"]

1. Nf3 Nf6 2. c4 g6 3. Nc3 Bg7 4. e4 d6 5. d4 O-O 6. h3 e5 7. d5 a5 8. Bg5 Na6 9. Be2 Nc5 10. Nd2 h6 11. Bh4 Bd7 12. g4 Qe8 13. f3 Nh7 14. Qc2 f5 15. O-O-O Bf6 16. Bxf6 Nxf6 17. exf5 gxf5 18. Rdg1 Kh8 19. Nb3 Nxb3+ 20. axb3 Nh7 21. Qd2 Qg6 22. gxf5 Qxf5 23. Qxh6 Qf4+ 24. Qxf4 Rxf4 25. Kd2 Rh4 26. Ke3 Rg8 27. Ne4 b6 28. Rxg8+ Kxg8 29. b4 Bf5 30. bxa5 bxa5 31. Nf2 a4 32. Ra1 Nf6 33. Ra3 Bc2 34. Rc3 Bb3 35. Bd3 Kf7 36. Rc1 Kf8 37. Bf1 Nh5 38. Ne4 Nf4 39. Nd2 Nxh3 40. Nxb3 axb3 41. Rc3 Nf4 42. Rxb3 Ke7 43. Rb8 1/2-1/2

[Event "48th Ciutat de Badalona Open 2024"]
[Site "Badalona"]
[Date "2024.08.08"]
[Round "7.5"]
[White "Vivaan Vishal Shah"]
[Black "Pimpalkhare Vedant"]
[Result "1/2-1/2"]
[ECO "C01"]
[WhiteElo "2186"]
[BlackElo "2191"]
[Annotator "RC"]
[PlyCount "75"]
[EventDate "2024.07.29"]
[EventType "swiss"]
[EventCountry "ESP"]
[SourceTitle "playchess.com"]
[Source "ChessBase"]
[SourceQuality "1"]
[TimeControl "5400+30"]

1. e4 e6 2. d4 d5 3. Nc3 h6 4. Nf3 Nf6 5. Bd3 Bb4 6. exd5 exd5 7. O-O O-O 8. Ne2 Bd6 9. Ng3 Re8 10. c3 Bg4 11. h3 Be6 12. Ne5 c5 13. Re1 Nc6 14. Nxc6 bxc6 15. dxc5 Bxc5 16. Bf4 Qb6 17. Qd2 Bf8 18. Re2 Rad8 19. Rae1 c5 20. Qc1 Rc8 21. Be5 Nd7 22. Nh5 Nxe5 23. Rxe5 Qd6 24. Nf4 Rcd8 25. Bf5 Bd7 26. Rxd5 Rxe1+ 27. Qxe1 Qxf4 28. Bxd7 Qc4 29. Rd2 Qxa2 30. Be6 Qa5 31. Bd5 Qc7 32. c4 g6 33. Rd3 Rd7 34. Rg3 Kh7 35. Qc3 Bg7 36. Qc2 Bd4 37. Rf3 Re7 38. g3 1/2-1/2

[Event "48th Ciutat de Badalona Open 2024"]
[Site "Badalona"]
[Date "2024.08.08"]
[Round "7.6"]
[White "Diaz Perez, Michel Alejandro"]
[Black "Utsab Chatterjee"]
[Result "1-0"]
[ECO "B92"]
[WhiteElo "2487"]
[BlackElo "2289"]
[Annotator "RC"]
[PlyCount "67"]
[EventDate "2024.07.29"]
[EventType "swiss"]
[EventCountry "ESP"]
[SourceTitle "playchess.com"]
[Source "ChessBase"]
[SourceQuality "1"]
[TimeControl "5400+30"]

1. e4 c5 2. Nf3 d6 3. d4 cxd4 4. Nxd4 Nf6 5. Nc3 a6 6. Be2 e5 7. Nb3 Be7 8. Be3 Be6 9. Nd5 Nbd7 10. Qd3 Bxd5 11. exd5 O-O 12. a4 Rc8 13. c4 a5 14. Bd2 b6 15. g4 e4 16. Qg3 Ne5 17. g5 Nfd7 18. Nd4 Nc5 19. Kf1 Re8 20. Be3 Bf8 21. h4 g6 22. h5 Bg7 23. hxg6 hxg6 24. Rh4 Qd7 25. b3 Rf8 26. Kg2 f5 27. gxf6 Rxf6 28. Bg4 Nxg4 29. Rxg4 Qf7 30. Rh1 Rf8 31. Qh4 Qe8 32. Qh7+ Kf7 33. Bh6 Rg8 34. Nf5 1-0

[Event "48th Ciutat de Badalona Open 2024"]
[Site "Badalona"]
[Date "2024.08.08"]
[Round "7.7"]
[White "Boggarapu, Kritan"]
[Black "Vaibhav Jayant Raut"]
[Result "0-1"]
[ECO "B33"]
[WhiteElo "1971"]
[BlackElo "2101"]
[Annotator "RC"]
[PlyCount "194"]
[EventDate "2024.07.29"]
[EventType "swiss"]
[EventCountry "ESP"]
[SourceTitle "playchess.com"]
[Source "ChessBase"]
[SourceQuality "1"]
[TimeControl "5400+30"]

1. e4 c5 2. Nf3 Nc6 3. d4 cxd4 4. Nxd4 Nf6 5. Nc3 e5 6. Ndb5 d6 7. Bg5 a6 8. Na3 b5 9. Nab1 Be7 10. Bxf6 Bxf6 11. a4 b4 12. Nd5 O-O 13. Bc4 Bg5 14. O-O Be6 15. Qd3 a5 16. c3 bxc3 17. bxc3 Nb8 18. Nd2 Nd7 19. Rfd1 Nc5 20. Qe2 Rb8 21. Nf3 Bh6 22. Ne1 Qh4 23. f3 Rfc8 24. Ra3 Kh8 25. g3 Qd8 26. Bb5 f5 27. exf5 Bxf5 28. Ng2 Qf8 29. Nge3 Be6 30. Kg2 Qf7 31. c4 Qh5 32. Ng4 Rf8 33. h3 Bg5 34. Nc3 Qg6 35. Rxd6 h5 36. Nf2 Be7 37. Rd1 e4 38. Nd5 Bd6 39. f4 Nd3 40. Raxd3 exd3 41. Qxd3 Bf5 42. Qf3 Bc5 43. Kh2 Bxf2 44. Qxf2 Bxh3 45. Re1 Be6 46. Nc3 Rbc8 47. c5 h4 48. gxh4 Qf5 49. Ne4 Qh3+ 50. Kg1 Bd5 51. Qg3 Qxg3+ 52. Nxg3 Rxf4 53. Re5 Rxc5 54. Rh5+ Kg8 55. Ne2 Rg4+ 56. Kf2 g6 57. Re5 Kf7 58. h5 Kf6 59. Re3 gxh5 60. Ng3 Rh4 61. Be2 Bc6 62. Ke1 Rxa4 63. Nxh5+ Kg5 64. Ng3 Ra1+ 65. Kf2 a4 66. Re7 a3 67. Ra7 a2 68. Bd3 Kf6 69. Be2 Rc2 70. Nh5+ Ke5 71. Ra5+ Bd5 72. Ke3 Re1 73. Nf4 Rcxe2+ 74. Nxe2 a1=Q 75. Rxa1 Rxa1 76. Kd2 Ra2+ 77. Ke3 Bc4 78. Ng3 Ra3+ 79. Kf2 Kf4 80. Nh5+ Kg4 81. Nf6+ Kf5 82. Nh5 Bd5 83. Ng3+ Kg4 84. Ne2 Bf3 85. Nd4 Kf4 86. Ne6+ Ke5 87. Ng5 Bd5 88. Ke2 Kf5 89. Nh7 Ra8 90. Kf2 Rh8 91. Kg3 Rxh7 92. Kf2 Kf4 93. Ke1 Rh2 94. Kd1 Ke3 95. Kc1 Kd3 96. Kb1 Kc3 97. Ka1 Rh1# 0-1

[Event "48th Ciutat de Badalona Open 2024"]
[Site "Badalona"]
[Date "2024.08.08"]
[Round "7.8"]
[White "Gutierrez Espinosa, Karen"]
[Black "Perpinya Rofes, Lluis Maria"]
[Result "0-1"]
[ECO "B45"]
[WhiteElo "2054"]
[BlackElo "2189"]
[Annotator "RC"]
[PlyCount "98"]
[EventDate "2024.07.29"]
[EventType "swiss"]
[EventCountry "ESP"]
[SourceTitle "playchess.com"]
[Source "ChessBase"]
[SourceQuality "1"]
[TimeControl "5400+30"]

1. e4 c5 2. Nf3 Nc6 3. d4 cxd4 4. Nxd4 Nf6 5. Nc3 e6 6. Ndb5 Bc5 7. Bf4 O-O 8. Bc7 Qe7 9. Bd6 Bxd6 10. Qxd6 Qd8 11. O-O-O a6 12. Nd4 Ne7 13. f3 b5 14. Kb1 Bb7 15. Bd3 Rc8 16. Qg3 Qb6 17. Nce2 d5 18. e5 Ne4 19. Qg4 Nf5 20. fxe4 Nxd4 21. Ng3 dxe4 22. Bxe4 Bxe4 23. Nxe4 Nf5 24. c3 Rfd8 25. Rxd8+ Rxd8 26. Rd1 Ne3 27. Rxd8+ Qxd8 28. Qe2 Nxg2 29. Nd6 Qg5 30. Qf3 Qg6+ 31. Ka1 h6 32. a3 Ne1 33. Qa8+ Kh7 34. Nxf7 Nc2+ 35. Ka2 Qxf7 36. Qxa6 Qf1 37. Qxe6 Ne3 38. Qc6 Qc4+ 39. Qxc4 bxc4 40. a4 Kg8 41. b4 Kf7 42. b5 Nd5 43. Ka3 Ke6 44. a5 Kxe5 45. a6 Nb6 46. Kb4 Kd5 47. a7 g5 48. Ka5 Kc5 49. Ka6 g4 0-1

[Event "48th Ciutat de Badalona Open 2024"]
[Site "Badalona"]
[Date "2024.08.08"]
[Round "7.9"]
[White "Weingarten, Phineas"]
[Black "Alasfour, Zaid"]
[Result "1-0"]
[ECO "B08"]
[WhiteElo "1824"]
[BlackElo "1587"]
[Annotator "NA RC"]
[PlyCount "73"]
[EventDate "2024.07.29"]
[EventType "swiss"]
[EventCountry "ESP"]
[SourceTitle "playchess.com"]
[Source "ChessBase"]
[SourceQuality "1"]
[TimeControl "5400+30"]

1. e4 d6 2. d4 Nf6 3. Nc3 g6 4. Nf3 Bg7 5. Bf4 Nc6 6. Qd2 Bg4 7. d5 Bxf3 8. gxf3 Nb8 9. Bh6 Bxh6 10. Qxh6 c6 11. O-O-O Qb6 12. Qd2 Nbd7 13. Na4 Qc7 14. Nc3 Nc5 15. Qd4 Ncd7 16. f4 Qb6 17. Bg2 Nxe4 18. Qxh8+ Nf8 19. Bxe4 Qxf2 20. Qd4 Qxf4+ 21. Kb1 c5 22. Qa4+ Nd7 23. Rdf1 Qd2 24. Bd3 Qg2 25. Bb5 Rd8 26. Qf4 f6 27. h4 Kf7 28. Rfg1 Qxh1 29. Rxh1 Ne5 30. Ne4 a6 31. Ng5+ Kg8 32. Ne6 Rc8 33. Be2 b5 34. h5 g5 35. Qf5 Rb8 36. Bd3 c4 37. Qxh7# 1-0

[Event "48th Ciutat de Badalona Open 2024"]
[Site "Badalona"]
[Date "2024.08.08"]
[Round "7.10"]
[White "Fernandez Egea, Andres"]
[Black "Infiesta Aguila, Agusti"]
[Result "1/2-1/2"]
[ECO "B13"]
[WhiteElo "1874"]
[BlackElo "1836"]
[Annotator "NA RC"]
[PlyCount "48"]
[EventDate "2024.07.29"]
[EventType "swiss"]
[EventCountry "ESP"]
[SourceTitle "playchess.com"]
[Source "ChessBase"]
[SourceQuality "1"]
[TimeControl "5400+30"]

1. e4 c6 2. d4 d5 3. exd5 cxd5 4. c4 Nf6 5. Nc3 Nc6 6. cxd5 Nxd5 7. Nf3 Bg4 8. Qb3 Bxf3 9. gxf3 e6 10. Qxb7 Nxd4 11. Bb5+ Nxb5 12. Qc6+ Ke7 13. Nxb5 f6 14. O-O Kf7 15. Re1 Qc8 16. Nxa7 Qxc6 17. Nxc6 Bc5 18. Be3 Nxe3 19. fxe3 Rhc8 20. b4 Rxc6 21. bxc5 Rxc5 22. Re2 Ra3 23. Kf2 Rh5 24. Kg3 Rg5+ 1/2-1/2

[Event "48th Ciutat de Badalona Open 2024"]
[Site "Badalona"]
[Date "2024.08.09"]
[Round "8.1"]
[White "Berdayes Ason, Dylan Isidro"]
[Black "Diaz Perez, Michel Alejandro"]
[Result "1/2-1/2"]
[ECO "C43"]
[WhiteElo "2476"]
[BlackElo "2487"]
[Annotator "TA"]
[PlyCount "21"]
[EventDate "2024.07.29"]
[EventType "swiss"]
[EventCountry "ESP"]
[SourceTitle "playchess.com"]
[Source "ChessBase"]
[SourceQuality "1"]
[TimeControl "5400+30"]

1. e4 e5 2. Nf3 Nf6 3. d4 Nxe4 4. Bd3 d5 5. Nxe5 Nd7 6. Nxf7 Kxf7 7. Qh5+ Ke6 8. Qe2 Kf7 9. Qh5+ {[%emt 0:00:02] The position is equal.} Ke6 {[%emt 0:00:00] [#] Threatens to win with ...Ndf6.} 10. Qe2 {[%emt 0:00:05][%cal Of2f3] Strongly threatening f3!} Kf7 {[%emt 0:00:00] White must now prevent ...Nef6.} 11. Qh5+ {[%emt 1:32:58] A rather calm draw.   OK:         	White=1     	Black=1      Best:        	White=1     	---} 1/2-1/2

[Event "48th Ciutat de Badalona Open 2024"]
[Site "Badalona"]
[Date "2024.08.09"]
[Round "8.2"]
[White "Vitier Vazquez, Cristian"]
[Black "Chavez Suarez, Carlos Alberto"]
[Result "1/2-1/2"]
[ECO "E66"]
[WhiteElo "2357"]
[BlackElo "2279"]
[Annotator "RC"]
[PlyCount "55"]
[EventDate "2024.07.29"]
[EventType "swiss"]
[EventCountry "ESP"]
[SourceTitle "playchess.com"]
[Source "ChessBase"]
[SourceQuality "1"]
[TimeControl "5400+30"]

1. d4 Nf6 2. Nf3 g6 3. c4 Bg7 4. g3 d6 5. Bg2 O-O 6. Nc3 c5 7. O-O Nc6 8. d5 Na5 9. Nd2 e6 10. Rb1 exd5 11. cxd5 Bd7 12. Nde4 Nxe4 13. Nxe4 Qe7 14. b4 cxb4 15. Bg5 f6 16. Bf4 Nc4 17. Rxb4 b5 18. Rxc4 bxc4 19. Bxd6 Qe8 20. Bxf8 Qxf8 21. d6 Rc8 22. Qd4 f5 23. Qxa7 Rd8 24. Nc5 Qxd6 25. Nb7 Qc7 26. Qa6 Bc8 27. Nxd8 Bxa6 28. Bd5+ 1/2-1/2

[Event "48th Ciutat de Badalona Open 2024"]
[Site "Badalona"]
[Date "2024.08.09"]
[Round "8.3"]
[White "Pimpalkhare Vedant"]
[Black "Nagare Kaivalya Sandip"]
[Result "0-1"]
[ECO "A24"]
[WhiteElo "2191"]
[BlackElo "2273"]
[Annotator "RC"]
[PlyCount "80"]
[EventDate "2024.07.29"]
[EventType "swiss"]
[EventCountry "ESP"]
[SourceTitle "playchess.com"]
[Source "ChessBase"]
[SourceQuality "1"]
[TimeControl "5400+30"]

1. Nf3 Nf6 2. c4 g6 3. g3 Bg7 4. Bg2 O-O 5. O-O d6 6. Nc3 e5 7. d3 c6 8. Rb1 Re8 9. b4 d5 10. Nd2 Be6 11. b5 Nbd7 12. Ba3 Nb6 13. bxc6 bxc6 14. cxd5 cxd5 15. Nb5 Qd7 16. Re1 Red8 17. Nf3 Ne8 18. Qd2 Nc7 19. Nxc7 Qxc7 20. Rec1 Qd7 21. Qa5 f6 22. Nd2 Bf8 23. Bxf8 Rxf8 24. Nb3 Bf7 25. Nc5 Qe7 26. Bh3 f5 27. Rc2 Rac8 28. Rbc1 Nc4 29. dxc4 Rxc5 30. Qa3 dxc4 31. e4 fxe4 32. Bf1 Rfc8 33. Bxc4 Kf8 34. Qa4 e3 35. fxe3 Qg5 36. Qa3 Kg7 37. Qxa7 R8c7 38. Qa4 Qxe3+ 39. Kf1 Bxc4+ 40. Rxc4 Rxc4 0-1